 Dungeon Crawl Stone Soup version 0.29.1-12-g30fa7ad0bf (webtiles) character file.

Game seed: 18230883255451331833

37 Gabide the Trooper (level 3, 0/29 HPs)
             Began as a Mummy Berserker on Dec 16, 2022.
             Was a Follower of Trog.
             Slain by a quokka (2 damage)
             ... on level 2 of the Dungeon.
             The game lasted 00:01:10 (1685 turns).

Gabide the Trooper (Mummy Berserker)                Turns: 1685, Time: 00:01:10

Health: 0/29       AC:  2    Str: 22    XL:     3   Next: 23%
Magic:  3/3        EV: 12    Int:  6    God:    Trog [*.....]
Gold:   23         SH:  0    Dex: 11    Spells: 2/2 levels left

rFire   x . .      SeeInvis .     - Unarmed
rCold   + . .      Faith    .   (no shield)
rNeg    + + +      Spirit   .   a - +0 animal skin
rPois   ∞          Reflect  .   (no helmet)
rElec   .          Harm     .   (no cloak)
rCorr   .          Rampage  .   (no gloves)
Will    ++...                   (no boots)
Stlth   +.........              (no amulet)
HPRegen 1.09/turn               (no ring)
MPRegen 0.08/turn               (no ring)

@: strong-willed, regenerating
A: cold resistance 1, negative energy resistance 3, torment resistance 2, heat
vulnerability 1, in touch with death 1, no potions
a: Renounce Religion


You were on level 2 of the Dungeon.
You worshipped Trog.
Trog was aware of your devotion.
You visited 1 branch of the dungeon, and saw 2 of its levels.

You collected 23 gold pieces.

Inventory:

Armour
 a - a +0 animal skin (worn)
Scrolls
 b - 2 scrolls of identify
 c - a scroll of vulnerability


   Skills:
 * Level 3.6 Fighting
 - Level 1.5 Armour
 + Level 2.0 Dodging
 * Level 2.9 Unarmed Combat


You had 2 spell levels left.
You didn't know any spells.
Your spell library was empty.

Dungeon Overview and Level Annotations

Branches:
Dungeon (2/15)

Altars:


Innate Abilities, Weirdness & Mutations

You are immune to poison.
Your flesh is cold resistant. (rC+)
You are immune to negative energy. (rN+++)
You are immune to unholy pain and torment.
You are vulnerable to heat. (rF-)
You are in touch with the powers of death.
You do not drink.


Message History

You are too injured to fight recklessly!
You are too injured to fight recklessly!
You are too injured to fight recklessly!
You are too injured to fight recklessly!
You are too injured to fight recklessly!
You are too injured to fight recklessly!
You are too injured to fight recklessly!
You are too injured to fight recklessly!
You are too injured to fight recklessly!
You are too injured to fight recklessly!
You closely miss the adder.
The adder is severely wounded.
The adder barely misses you. The quokka misses you.
You hit the adder but do no damage.
The adder is severely wounded.
The adder bites you. The adder closely misses you.
The quokka bites you but does no damage.
The adder barely misses you. The adder attacks as you move away!
The adder bites you.
* * * LOW HITPOINT WARNING * * *
The quokka attacks as you move away!
The quokka bites you but does no damage.
The adder bites you.
* * * LOW HITPOINT WARNING * * *
The adder misses you.
As you read the scroll labelled QOONU ALOVUMAO, it crumbles to dust.
It is a scroll of identify.
c - a scroll of vulnerability The quokka closely misses you.
The adder barely misses you. The adder bites you but does no damage.
As you read the scroll labelled FEVEUNGUTIU, it crumbles to dust.
You hear a loud clanging noise!
It was a scroll of noise.
The adder bites you.
* * * LOW HITPOINT WARNING * * *
The quokka barely misses you. The adder barely misses you.
Your skin crawls.
You feel strong-willed.
You can no longer call upon Trog for regeneration and willpower.
The adder barely misses you. The quokka bites you.
You die...

#.. #.####
#.##..
#.##.####
#.##....####.#
#.##..r.......
#.##.@S.#
#.##.#S##
#......##
#.......##
#.<.........
##......####
#.....##
###.#.# #.#.#


You could see 2 adders and a quokka.

Vanquished Creatures
  2 dart slugs (D:1)
  2 ball pythons (D:1)
  6 bats (D:1)
  2 endoplasms (D:1)
  A giant cockroach (D:1)
  3 goblins (D:1)
  A hobgoblin (D:1)
  4 jackals (D:1)
  A quokka (D:1)
  A frilled lizard (D:1)
  A kobold (D:1)
  4 rats (D:1)
28 creatures vanquished.

Notes
Turn   | Place    | Note
-------+----------+-------------------------------------------
     0 | D:1      | Gabide the Mummy Berserker began the quest for the Orb.
     0 | D:1      | Reached XP level 1. HP: 18/18 MP: 1/1
   343 | D:1      | Reached XP level 2. HP: 7/24 MP: 2/2
  1130 | D:1      | Gained mutation: You are in touch with the powers of death.
                  | [Mummy growth]
  1130 | D:1      | Reached XP level 3. HP: 25/29 MP: 3/3
  1310 | D:1      | Reached ** piety under Trog
  1684 | D:2      | HP: 1/29 [adder (4)]
  1685 | D:2      | Slain by a quokka

Illustrated notes

Levels and vault maps discovered:
D:1:      kennysheep_arrival_forest, layout_loops_corners,
          hangedman_decor_riveting, st_stairs_4, minmay_distorted
D:2:      layout_loops_ring, shapermc_ecumenical_altar_ellora, glass_columns_c,
          minmay_tetromino_s4

Skill      XL: |  1  2  3 |
---------------+----------+-----
Dodging        | 2 |  2.0
Fighting       | |  3.6
Armour         | |  1.5
Unarmed Combat | |  2.9

Action                   || total
-------------------------++-------
Melee: Unarmed           ||   129
       Punch             ||     2
Invok: Trog's Hand       ||     1
  Use: Scroll            ||     2
 Stab: Sleeping          ||     1
Armor: Animal skin       ||    57
Dodge: Dodged            ||   163
